 Dungeon Crawl Stone Soup version 0.28-a0-230-g086cc6695f (webtiles) character file.

Game seed: 3453311526621528231

113997 Gargoyl the Distorting Gnoll (level 16, -1/129 HPs)
             Began as a Gnoll Abyssal Knight on Aug 21, 2021.
             Was a Believer of Lugonu.
             Killed from afar by an eleionoma (14 damage)
             ... with a spray of wooden splinters
             ... on level 2 of the Swamp on Aug 22, 2021.
             The game lasted 00:52:01 (40646 turns).

Gargoyl the Distorting Gnoll (GnAK)                Turns: 40646, Time: 00:52:02

Health: -1/129     AC: 23    Str: 23    XL:     16   Next: 64%
Magic:  30/30      EV: 15    Int: 17    God:    Lugonu [**....]
Gold:   2173       SH: 12    Dex: 11    Spells: 36/36 levels left

rFire   + + .      SeeInvis .   g - +11 lance "Wyrmbane" {slay drac, rPois rF+ rC+ AC+3}
rCold   + + +      Faith    .   W - +1 kite shield {rF+}
rNeg    + . .      Spirit   .   s - +1 chain mail "Luesko" {rPois rN+ Int+4}
rPois   +          Reflect  .   n - +0 helmet
rElec   .          Harm     .   o - +1 cloak
rCorr   .          Rampage  .   c - +2 pair of gloves {Stlth+}
Will    +....                   (no boots)
Stlth   ++........              p - amulet of the acrobat
HPRegen 0.31/turn               i - ring of protection from fire
MPRegen 0.22/turn               m - ring of Uzopha {rF- rC++ EV+4 Str+5}

@: no status effects
A: fangs 1, strong nose, distributed training
a: Renounce Religion, Depart the Abyss, Bend Space


You were on level 2 of the Swamp.
You worshipped Lugonu.
Lugonu was pleased with you.
You visited 4 branches of the dungeon, and saw 25 of its levels.
You visited the Abyss 3 times.

You collected 2316 gold pieces.
You spent 143 gold pieces at shops.

Inventory:

Hand Weapons
 g - the +11 lance "Wyrmbane" (weapon) {slay drac, rPois rF+ rC+ AC+3}
   (You took it off Maggie on level 7 of the Dungeon)

   It inflicts extra damage against dragons and draconians.
   AC:        It affects your AC (+3).
   rF:        It protects you from fire.
   rC:        It protects you from cold.
   rPois:     It protects you from poison.
 P - a +3 vorpal war axe
 R - a +4 scimitar of flaming
Missiles
 d - 2 silver boomerangs
 G - 29 poisoned darts (quivered)
 O - 5 throwing nets
Armour
 c - a +2 pair of gloves of stealth (worn)
 n - a +0 helmet (worn)
 o - a +1 cloak (worn)
 s - the +1 chain mail "Luesko" (worn) {rPois rN+ Int+4}
   (You found it on level 5 of the Dungeon)

   Int:       It affects your intelligence (+4).
   rPois:     It protects you from poison.
   rN:        It protects you from negative energy.
 L - a +1 plate armour of cold resistance
 W - a +1 kite shield of fire resistance (worn)
Jewellery
 b - an amulet of guardian spirit
 i - a ring of protection from fire (left hand)
 m - the ring of Uzopha (right hand) {rF- rC++ EV+4 Str+5}
   (You found it on level 4 of the Dungeon)

   [ring of evasion]

   EV:        It affects your evasion (+4).
   Str:       It affects your strength (+5).
   rF:        It makes you vulnerable to fire.
   rC:        It greatly protects you from cold.
 p - an amulet of the acrobat (around neck)
 C - a ring of willpower
 E - an amulet of regeneration
 H - a +4 ring of protection
 M - a ring of fire
 U - an amulet of faith
Wands
 f - a wand of digging (2)
 w - a wand of paralysis (7)
 x - a wand of polymorph (4)
 A - a wand of acid (10)
 B - a wand of flame (20)
 F - a wand of iceblast (26)
 T - a wand of charming (7)
Scrolls
 j - a scroll of enchant weapon
 k - a scroll of silence
 r - 14 scrolls of teleportation
 y - 2 scrolls of holy word
 I - 2 scrolls of fog
 J - 2 scrolls of magic mapping
 K - a scroll of identify
 Q - 4 scrolls of blinking
Potions
 e - a potion of resistance
 h - 5 potions of flight
 l - 4 potions of cancellation
 q - 3 potions of brilliance
 u - 4 potions of lignification
 z - 2 potions of magic
 D - a potion of invisibility
 N - a potion of haste


   Skills:
 + Level 12.5 Fighting
 + Level 10.9 Short Blades
 + Level 10.9 Long Blades
 + Level 11.7 Axes
 + Level 10.9 Maces & Flails
 + Level 10.9 Polearms
 + Level 10.9 Staves
 + Level 10.9 Slings
 + Level 10.9 Bows
 + Level 10.9 Crossbows
 + Level 10.9 Throwing
 + Level 11.7 Armour
 + Level 11.2 Dodging
 + Level 10.9 Stealth
 + Level 10.9 Shields
 + Level 10.9 Unarmed Combat
 + Level 10.9 Spellcasting
 + Level 9.3 Conjurations
 + Level 9.3 Hexes
 + Level 9.3 Summonings
 + Level 9.3 Necromancy
 + Level 9.3 Translocations
 + Level 9.3 Transmutations
 + Level 9.3 Fire Magic
 + Level 9.3 Ice Magic
 + Level 9.3 Air Magic
 + Level 9.3 Earth Magic
 + Level 9.3 Poison Magic
 + Level 12.5 Invocations
 + Level 10.9 Evocations


You had 36 spell levels left.
You didn't know any spells.
Your spell library contained the following spells:

 Spells                   Type           Power      Damage    Failure   Level
 Corona                   Hex            45%        N/A       1%          1
 Call Imp                 Summ           41%        N/A       2%          2
 Ensorcelled Hibernation  Hex/Ice        82%        N/A       2%          2
 Static Discharge         Conj/Air       41%        N/A       2%          2
 Sublimation of Blood     Necr           20%        N/A       2%          2
 Dazzling Flash           Conj/Hex       82%        N/A       4%          3
 Inner Flame              Hex/Fire       41%        N/A       4%          3
 Portal Projectile        Hex/Tloc       82%        N/A       4%          3
 Stone Arrow              Conj/Erth      82%        3d12      4%          3
 Tukima's Dance           Hex            41%        N/A       4%          3
 Cause Fear               Hex            20%        N/A       16%         4
 Dispel Undead            Necr           41%        3d16      16%         4
 Iskenderun's Mystic Bla  Conj/Tloc      41%        2d9       16%         4
 Leda's Liquefaction      Hex/Erth       20%        N/A       16%         4
 Petrify                  Tmut/Erth      41%        N/A       16%         4
 Sticky Flame             Conj/Fire      41%        2d6       16%         4
 Summon Ice Beast         Ice/Summ       41%        N/A       16%         4
 Summon Lightning Spire   Summ/Air       41%        N/A       16%         4
 Alistair's Intoxication  Tmut/Pois      27%        N/A       38%         5
 Blade Hands              Tmut           20%        N/A       38%         5
 Bolt of Magma            Conj/Fire/Erth 20%        4d10      38%         5
 Borgnjor's Vile Clutch   Necr/Erth      20%        N/A       38%         5
 Irradiate                Conj/Tmut      20%        3d20      38%         5
 Eringya's Noxious Bog    Tmut/Pois      20%        N/A       93%         6
 Starburst                Conj/Fire      20%        6d7       93%         6
 Statue Form              Tmut/Erth      27%        N/A       93%         6
 Dragon Form              Tmut           20%        N/A       100%        7
 Discord                  Hex            20%        N/A       100%        8
 Dragon's Call            Summ           20%        N/A       100%        9
 Shatter                  Erth           20%        3d18*     100%        9


Dungeon Overview and Level Annotations

Branches:
Dungeon (15/15)            Temple (0/1) D:4            Lair (6/6) D:11
  Swamp (2/4) Lair:2       Spider (0/4) Lair:4        Slime (0/5) Lair:6
    Orc (2/2) D:11            Elf (0/3) Orc:2        Vaults (0/5) D:13
 Depths (0/5) D:15

Altars:
Ashenzari
Cheibriados
Dithmenos
Elyvilon
Fedhas
Trog
Xom
Zin
Beogh

Shops:
D:1 *:=   Orc:1 *   Orc:2 [*(:

Annotations:
D:14 2 transporters, udvgu's ghost, journeyman GrEE


Innate Abilities, Weirdness & Mutations

You have very sharp teeth.
Your uncanny sense of smell can sniff out nearby items.
Your experience applies equally to all skills.


Message History

The eleionoma resists with almost no effort.
The foxfire hits you. You resist.
* * * LOW HITPOINT WARNING * * *
You block the will-o-the-wisp's attack. The foxfire hits you. You resist.
* * * LOW HITPOINT WARNING * * *
The eleionoma hits you.
* * * LOW HITPOINT WARNING * * *
Aiming: Corrosive Bolt
Press: ? - help, Shift-Dir - straight line, f/p - eleionoma
Aim: an eleionoma (heavily wounded, 76% to hit)
The bolt of acid hits the eleionoma!
The eleionoma is splashed with acid.
The acid corrodes the eleionoma!
The eleionoma is severely wounded.
The will-o-the-wisp engulfs you.
* * * LOW HITPOINT WARNING * * *
The eleionoma touches a tree and draws upon its vitality.
The eleionoma is healed.
Aiming: Corrosive Bolt
Press: ? - help, Shift-Dir - straight line, f/p - eleionoma
Aim: an eleionoma (lightly wounded, covered in acid, 76% to hit)
The bolt of acid hits the eleionoma!!
The eleionoma is splashed with acid.
The eleionoma seems to be corroded for longer.
The eleionoma is moderately wounded.
The will-o-the-wisp gestures.
The will-o-the-wisp conjures some foxfire!
The eleionoma hurls a spray of splinters at you.
The spray of wooden splinters hits you but does no damage.
The spray of wooden splinters hits the foxfire!!! 2 foxfires come into view.
Blink to where?
Press: ? - help, Dir - move target, p - eleionoma
As you read the scroll of blinking, it crumbles to dust.
The foxfire hits you but does no damage.
The foxfire hits you! You resist.
* * * LOW HITPOINT WARNING * * *
The will-o-the-wisp gestures.
The will-o-the-wisp conjures some foxfire!
The eleionoma hurls a spray of splinters at you.
The spray of wooden splinters hits you!
You die...

♣♣♣ ♣♣♣♣ ♣♣≈≈♣♣
♣≈≈.. ♣♣♣♣♣<≈≈.♣
.≈≈..≈♣.§♣@.≈≈.♣
♣.≈≈.v§R§§.(≈.♣
♣.≈≈≈vv♣§≈.♣♣♣♣
♣♣≈.≈≈♣§≈♣≈♣
♣.≈≈♣♣≈≈♣♣♣
♣.... ≈≈≈≈ ∆
≈.≈...♣≈≈≈≈♣
≈).[. ♣♣≈♣♣♣
♣♣♣≈. ♣♣♣


You could see an eleionoma (corroded) and a will-o-the-wisp.

Vanquished Creatures
  Nikola (Swamp:1)
  Rupert (D:14)
  A tentacled starspawn (Abyss:1)
  Kirke (D:12)
  Louise (D:14)
  A stone giant (Orc:2)
  Azrael (D:11)
  A bunyip (Swamp:1)
  3 ettins
  An eleionoma (Swamp:1)
  A fire dragon (D:15)
  An ice dragon (D:15)
  2 rakshasas
  An ogre mage (Orc:2)
  2 centaur warriors
  2 catoblepae (D:13)
  9 hydras
  A merfolk avatar (Lair:6)
  Erica (D:11)
  A satyr (D:13)
  10 two-headed ogres
  7 boulder beetles
  An alligator (Swamp:1)
  4 death yaks (Lair:4)
  3 tengu warriors (D:15)
  A sun demon (Abyss:1)
  A goliath frog (Swamp:1)
  2 bog bodies (Swamp:1)
  3 deep elf pyromancers
  2 lindwurms (Lair:5)
  3 harpies (Lair:6)
  2 orc knights
  2 wolf spiders (Lair:4)
  9 cyclopes
  2 will-o-the-wisps (Swamp:1)
  An orc sorcerer (Orc:1)
  8 ugly things
  An oklob plant (Lair:1)
  6 elephants (Lair:6)
  7 manticores
  4 black mambas
  A smoke demon (Abyss:1)
  9 cane toads
  2 gargoyles
  6 rime drakes
  A torpor snail (D:13)
  Joseph (D:8)
  Maggie (D:7)
  A large abomination (Abyss:1)
  7 komodo dragons
  2 tengu conjurers
  A wind drake (Lair:6)
  13 trolls
  2 raiju (Abyss:1)
  A jumping spider (Lair:4)
  A tyrant leech (Swamp:1)
  3 hornets
  5 polar bears
  18 blink frogs
  11 slime creatures
  6 dream sheep (Lair:5)
  2 snapping turtles (Lair:6)
  2 redbacks (Lair:4)
  A vampire (D:12)
  2 wyverns
  5 wraiths (D:10)
  3 hogs (D:12)
  5 fire elementals
  5 humans
  53 yaks
  A redback simulacrum (D:15)
  7 basilisks
  4 steam dragons
  3 swamp worms (Swamp:1)
  6 wargs
  3 acid dragons
  10 vampire mosquitoes
  3 hell hounds
  A swamp drake (Swamp:1)
  17 water moccasins
  2 sky beasts
  2 ice beasts (D:6)
  4 black bears
  22 orc warriors
  8 ogres
  A boggart (D:6)
  4 wolves
  A tengu (D:4)
  11 centaurs
  15 bullfrogs
  3 kobold brigands
  3 scorpions
  2 gnoll sergeants
  A water moccasin skeleton (D:5)
  20 killer bees
  A howler monkey (D:10)
  2 jellies
  A bullfrog zombie (D:6)
  3 electric eels (Lair:3)
  5 centaur zombies
  3 hounds
  12 orc priests
  3 gnoll shamans
  An iron imp (D:3)
  4 centaur skeletons
  Crazy Yiuf (D:7)
  2 iguanas
  Ijyb (D:3)
  Natasha (twice) (D:3)
  16 orc wizards
  A killer bee zombie (D:5)
  29 gnolls
  9 adders
  A shadow imp (D:7)
  11 white imps (Lair:1)
  2 ufetubi (D:4)
  An adder skeleton (D:4)
  3 worms
  2 dart slugs
  45 orcs
  5 bats
  8 endoplasms
  3 giant cockroaches
  4 goblins
  A hobgoblin (D:3)
  4 quokkas
  4 ball pythons
  4 frilled lizards
  20 kobolds
  4 rats
654 creatures vanquished.

Vanquished Creatures (others)
  Josephine (D:10)
  A boulder beetle (D:10)
  2 bloated husks (Swamp:1)
  A wraith (D:10)
  2 humans
  A vampire mosquito (D:12)
  An orc warrior (D:10)
  A centaur (D:12)
  A killer bee zombie (D:8)
  A white imp (Lair:1)
  An orc (D:11)
  42 foxfires
  88 fungi
  139 plants
  2 starspawn tentacles (Abyss:1)
  19 toadstools
303 creatures vanquished.

Grand Total: 957 creatures vanquished

Notes
Turn   | Place    | Note
-------+----------+-------------------------------------------
     0 | Abyss:1  | Gargoyl the Gnoll Abyssal Knight began the quest for the
                  | Orb.
     0 | Abyss:1  | Reached XP level 1. HP: 23/23 MP: 3/3
    25 | Abyss:2  | Found a corrupted altar of Lugonu.
    50 | Abyss:2  | Noticed a spatial vortex
    62 | Abyss:2  | Noticed an ancient zyme
    62 | Abyss:2  | Noticed a thrashing horror
    62 | Abyss:2  | Noticed a minotaur simulacrum
   152 | Abyss:2  | Noticed a ynoxinul
   153 | D:1      | Escaped the Abyss
   321 | D:1      | Found Zauff's Assorted Antiques.
   346 | D:1      | Reached * piety under Lugonu
   364 | D:1      | Found Zisavi's Book Shop.
   378 | D:1      | Found Owniod's Jewellery Boutique.
   488 | D:1      | Found a faded altar of an unknown god.
   590 | D:1      | Reached XP level 2. HP: 29/29 MP: 5/5
  1218 | D:2      | Reached XP level 3. HP: 28/35 MP: 6/6
  1770 | D:2      | Reached skill level 1 in Short Blades
  1770 | D:2      | Reached skill level 1 in Long Blades
  1770 | D:2      | Reached skill level 1 in Maces & Flails
  1770 | D:2      | Reached skill level 1 in Polearms
  1770 | D:2      | Reached skill level 1 in Staves
  1770 | D:2      | Reached skill level 1 in Slings
  1770 | D:2      | Reached skill level 1 in Bows
  1770 | D:2      | Reached skill level 1 in Crossbows
  1770 | D:2      | Reached skill level 1 in Throwing
  1770 | D:2      | Reached skill level 1 in Stealth
  1770 | D:2      | Reached skill level 1 in Shields
  1770 | D:2      | Reached skill level 1 in Unarmed Combat
  1770 | D:2      | Reached skill level 1 in Spellcasting
  1770 | D:2      | Reached skill level 1 in Evocations
  1926 | D:2      | Reached XP level 4. HP: 33/41 MP: 7/7
  2196 | D:2      | You fall into a shaft and drop 2 floors!
  2226 | D:4      | Found a glowing silver altar of Zin.
  2232 | D:3      | Noticed Ijyb
  2239 | D:3      | Reached skill level 1 in Conjurations
  2239 | D:3      | Reached skill level 1 in Hexes
  2239 | D:3      | Reached skill level 1 in Summonings
  2239 | D:3      | Reached skill level 1 in Necromancy
  2239 | D:3      | Reached skill level 1 in Translocations
  2239 | D:3      | Reached skill level 1 in Transmutations
  2239 | D:3      | Reached skill level 1 in Fire Magic
  2239 | D:3      | Reached skill level 1 in Ice Magic
  2239 | D:3      | Reached skill level 1 in Air Magic
  2239 | D:3      | Reached skill level 1 in Earth Magic
  2239 | D:3      | Reached skill level 1 in Poison Magic
  2247 | D:3      | Killed Ijyb
  2248 | D:3      | Reached XP level 5. HP: 47/47 MP: 8/8
  2639 | D:3      | Reached ** piety under Lugonu
  2723 | D:3      | You fall into a shaft and drop 1 floor!
  2878 | D:3      | Noticed Grinder
  2882 | D:3      | Paralysed by Grinder for 6 turns
  2908 | D:3      | Noticed Grinder
  2908 | D:3      | Grinder changed into Grinder the iron imp
  2922 | D:3      | Killed Grinder the iron imp
  3165 | D:3      | Noticed Natasha
  3172 | D:3      | Killed Natasha
  3287 | D:3      | Noticed a sky beast
  3299 | D:3      | Killed a sky beast
  3300 | D:3      | Reached skill level 5 in Invocations
  3300 | D:3      | Reached XP level 6. HP: 52/53 MP: 9/9
  3364 | D:3      | Reached skill level 5 in Axes
  3364 | D:3      | Reached skill level 5 in Armour
  3396 | D:3      | Noticed Natasha
  3404 | D:3      | Killed Natasha
  3847 | D:4      | Reached XP level 7. HP: 8/60 MP: 10/10
  4169 | D:4      | Found a staircase to the Ecumenical Temple.
  4438 | D:4      | Identified the ring of Uzopha {rF- rC++ EV+4 Str+5}
  4773 | D:5      | Entered Level 5 of the Dungeon
  4775 | D:5      | Found a white marble altar of Elyvilon.
  4776 | D:5      | Found a shadowy altar of Dithmenos.
  4890 | D:5      | Identified the +8 whip of Kena {vorpal, Fly}
  5342 | D:5      | Reached XP level 8. HP: 66/67 MP: 12/12
  5374 | D:5      | Identified the +1 chain mail "Luesko" {rPois rN+ Int+4}
  6250 | D:6      | Reached *** piety under Lugonu
  6314 | D:6      | Noticed a two-headed ogre
  6425 | D:5      | Killed a two-headed ogre
  6426 | D:5      | Reached XP level 9. HP: 16/74 MP: 13/15
  6920 | D:6      | Reached skill level 5 in Dodging
  7183 | D:6      | Got the Tome of Enchantment and the Escort
  7280 | D:6      | Noticed a gargoyle
  7301 | D:6      | Banished a gargoyle
  8306 | D:7      | Noticed Maggie
  8325 | D:7      | Killed Maggie
  8603 | D:7      | Reached XP level 10. HP: 80/80 MP: 17/17
  8704 | D:7      | Found a runed translucent door.
  8705 | D:7      | Noticed Crazy Yiuf
  8943 | D:7      | Reached skill level 5 in Short Blades
  8943 | D:7      | Reached skill level 5 in Long Blades
  8943 | D:7      | Reached skill level 5 in Maces & Flails
  8943 | D:7      | Reached skill level 5 in Polearms
  8943 | D:7      | Reached skill level 5 in Staves
  8943 | D:7      | Reached skill level 5 in Slings
  8943 | D:7      | Reached skill level 5 in Bows
  8943 | D:7      | Reached skill level 5 in Crossbows
  8943 | D:7      | Reached skill level 5 in Throwing
  8943 | D:7      | Reached skill level 5 in Stealth
  8943 | D:7      | Reached skill level 5 in Shields
  8943 | D:7      | Reached skill level 5 in Unarmed Combat
  8943 | D:7      | Reached skill level 5 in Spellcasting
  8943 | D:7      | Reached skill level 5 in Evocations
  9350 | D:7      | Killed Crazy Yiuf
  9400 | D:8      | Noticed a two-headed ogre
  9410 | D:8      | Killed a two-headed ogre
  9543 | D:8      | Noticed Joseph
  9565 | D:8      | Killed Joseph
 10524 | D:9      | Reached **** piety under Lugonu
 10539 | D:9      | Reached XP level 11. HP: 85/87 MP: 19/19
 10988 | D:10     | Entered Level 10 of the Dungeon
 11068 | D:10     | Noticed a purple ugly thing
 11091 | D:10     | Killed a purple ugly thing
 11092 | D:10     | Reached skill level 5 in Conjurations
 11092 | D:10     | Reached skill level 5 in Hexes
 11092 | D:10     | Reached skill level 5 in Summonings
 11092 | D:10     | Reached skill level 5 in Necromancy
 11092 | D:10     | Reached skill level 5 in Translocations
 11092 | D:10     | Reached skill level 5 in Transmutations
 11092 | D:10     | Reached skill level 5 in Fire Magic
 11092 | D:10     | Reached skill level 5 in Ice Magic
 11092 | D:10     | Reached skill level 5 in Air Magic
 11092 | D:10     | Reached skill level 5 in Earth Magic
 11092 | D:10     | Reached skill level 5 in Poison Magic
 11191 | D:10     | Noticed a boulder beetle
 11203 | D:10     | Found a shimmering altar of Xom.
 11217 | D:10     | Noticed Josephine
 11313 | D:10     | Killed a boulder beetle
 11435 | D:10     | Killed Josephine
 11502 | D:10     | Noticed a two-headed ogre
 11509 | D:10     | Killed a two-headed ogre
 12508 | D:10     | Noticed a two-headed ogre
 12518 | D:10     | Killed a two-headed ogre
 12833 | D:11     | Noticed a manticore
 12857 | D:11     | Killed a manticore
 13158 | D:11     | Found a staircase to the Lair.
 13219 | D:11     | Noticed a boulder beetle
 13256 | D:11     | Killed a boulder beetle
 13257 | D:11     | Reached XP level 12. HP: 34/96 MP: 22/22
 13539 | D:11     | Noticed a six-headed hydra
 13548 | D:11     | Killed a six-headed hydra
 13700 | D:11     | Found a snail-covered altar of Cheibriados.
 13856 | D:11     | Noticed Erica
 14381 | D:11     | Killed Erica
 14460 | D:11     | Reached ***** piety under Lugonu
 14628 | D:11     | Found a staircase to the Orcish Mines.
 14839 | Lair:1   | Entered Level 1 of the Lair of Beasts
 15107 | Lair:1   | Found a blossoming altar of Fedhas.
 15477 | Lair:1   | Reached skill level 10 in Fighting
 16657 | Lair:2   | Reached XP level 13. HP: 92/103 MP: 24/24
 16795 | Lair:2   | Found a staircase to the Swamp.
 18708 | Lair:4   | Reached skill level 10 in Invocations
 20167 | Lair:4   | Found a hole to the Spider Nest.
 21873 | Lair:5   | Reached XP level 14. HP: 92/111 MP: 26/26
 21894 | Lair:5   | Reached skill level 10 in Axes
 21894 | Lair:5   | Reached skill level 10 in Armour
 22803 | Lair:5   | Reached ****** piety under Lugonu
 23364 | Lair:6   | Entered Level 6 of the Lair of Beasts
 24583 | Lair:6   | Found a staircase to the Slime Pits.
 24635 | Lair:6   | HP: 1/113 [very large slime creature (30)]
 26323 | Lair:6   | Identified the +8 chain mail "Mish" {Dex+7 Slay-6 Stlth+}
 26697 | D:12     | Reached skill level 10 in Dodging
 26737 | D:12     | You fall into a shaft and drop 2 floors!
 27300 | D:13     | Reached XP level 15. HP: 50/119 MP: 28/28
 27921 | D:13     | Identified the +1 robe "Hoichom" {Dex+3}
 28104 | D:13     | Upgraded the game from 0.28-a0-224-g76b539d98b to
                  | 0.28-a0-230-g086cc6695f
 28175 | D:12     | Noticed Azrael
 28590 | D:11     | Killed Azrael
 29440 | D:12     | Identified the +4 chain mail of the Abyss {+Inv rF- rN+
                  | Str+5}
 29560 | D:12     | Noticed Kirke
 29584 | D:12     | Killed Kirke
 29888 | D:13     | Reached skill level 10 in Short Blades
 29888 | D:13     | Reached skill level 10 in Long Blades
 29888 | D:13     | Reached skill level 10 in Maces & Flails
 29888 | D:13     | Reached skill level 10 in Polearms
 29888 | D:13     | Reached skill level 10 in Staves
 29888 | D:13     | Reached skill level 10 in Slings
 29888 | D:13     | Reached skill level 10 in Bows
 29888 | D:13     | Reached skill level 10 in Crossbows
 29888 | D:13     | Reached skill level 10 in Throwing
 29888 | D:13     | Reached skill level 10 in Stealth
 29888 | D:13     | Reached skill level 10 in Shields
 29888 | D:13     | Reached skill level 10 in Unarmed Combat
 29888 | D:13     | Reached skill level 10 in Spellcasting
 29888 | D:13     | Reached skill level 10 in Evocations
 30074 | D:13     | Found a gate to the Vaults.
 30233 | D:14     | Found a transporter.
 30238 | D:14     | Found a bloodstained altar of Trog.
 30245 | D:14     | Noticed udvgu's ghost (journeyman GrEE)
 30446 | D:14     | Found a transporter.
 30884 | D:14     | Noticed Louise
 30916 | D:14     | HP: 3/120 [Louise/stone arrow (40)]
 30918 | D:14     | HP: 1/120 [poisoned by Louise]
 30931 | D:14     | Killed Louise
 31479 | D:14     | Noticed Rupert
 31488 | D:14     | Paralysed by Rupert for 3 turns
 31538 | D:14     | Killed Rupert
 31870 | D:15     | Entered Level 15 of the Dungeon
 32351 | D:15     | Found a broken altar of Ashenzari.
 33433 | D:15     | Found a staircase to the Depths.
 33716 | Orc:1    | Entered Level 1 of the Orcish Mines
 33716 | Orc:1    | Found Plog's Assorted Antiques.
 34031 | Orc:2    | Entered Level 2 of the Orcish Mines
 34474 | Orc:2    | Found Guph's Antique Weapon Emporium.
 34495 | Orc:1    | Reached XP level 16. HP: 69/127 MP: 30/30
 34993 | Abyss:1  | Noticed a tentacled starspawn
 35006 | Abyss:1  | Killed a tentacled starspawn
 35173 | Orc:1    | Escaped the Abyss
 35193 | Orc:1    | HP: 1/127 [two-headed ogre (15)]
 36424 | Orc:2    | Found Ughosk's Antique Armour Shop.
 36774 | Orc:2    | Escaped the Abyss
 37173 | Orc:2    | Found Zamify's General Store.
 37181 | Orc:2    | Bought 2 potions of heal wounds for 110 gold pieces
 37181 | Orc:2    | Bought a scroll of teleportation for 33 gold pieces
 37358 | Orc:2    | Found Baapnad's Book Boutique.
 37359 | Orc:2    | Found a staircase to the Elven Halls.
 38387 | Swamp:1  | Entered Level 1 of the Swamp
 39465 | Swamp:1  | Noticed Nikola
 39489 | Swamp:1  | HP: 2/129 [Nikola/arc of chain lightning (35)]
 39502 | Swamp:1  | HP: 3/129 [Nikola (17)]
 39503 | Swamp:1  | Killed Nikola
 40646 | Swamp:2  | Killed from afar by an eleionoma

Illustrated notes

Levels and vault maps discovered:
D:1:      onia_arrival_pyramid, layout_basic, serial_shops,
          nicolae_shop_waterfront, shop, nicolae_lakefront_shop,
          hellmonk_ecumenical_altar_crossroads
D:2:      wander_river, layout_basic, minmay_gold_behind_fungi
D:3:      minmay_door_path, layout_basic, uniq_natasha, uniq_grinder, uniq_ijyb
D:4:      layout_loops_ring, zin_treasury, minmay_temple_entry_from_below_a
D:5:      layout_gridville, mainiacjoe_overflow_catch_the_wave,
          hangedman_glass_garden
D:6:      layout_layer_cave, serial_bayou_pond_c, minmay_chambers_of_fives
D:7:      layout_rooms, serial_rivers, chequers_serial_rivers_room_b,
          chequers_serial_rivers_large_a, chequers_serial_rivers_micro_d,
          chequers_serial_rivers_room_b, uniq_crazy_yiuf_cottage, uniq_maggie
D:8:      kennysheep_six_static_rooms, layout_basic, lightli_corner_chamber,
          uniq_joseph
D:9:      layout_cave_pools
D:10:     layout_irregular_city, xom_confusion_cloud, minmay_misc_feat_doors,
          lemuel_flamethrower_hall, uniq_josephine
D:11:     layout_rooms, due_lair_maze_entry_diamond, david_orc_5,
          kennysheep_slug_shrine, uniq_erica
D:12:     layout_basic, uniq_azrael, uniq_kirke
D:13:     layout_roguey, ximxim_vaults_locker_room
D:14:     layout_stronghold, solitary_fountain,
          gammafunk_ghost_wrathful_warriors, lightli_fourway_metalbox,
          uniq_rupert, uniq_louise
D:15:     grunt_enter_depths_hoard, layout_long_grid, ashenzari_altar_1
Lair:1:   layout_regular_city, portal_ice_cave_entry_imps, tgw_fedhas
Lair:2:   layout_hall_layers, minmay_swamp_entry_swarm, patterned_corridor,
          serial_bayou_shore_b, grunt_megastairs_4
Lair:3:   layout_regular_city, serial_bayou_shore_a
Lair:4:   layout_loops_ring, spider_nest_entry_funnel_web
Lair:5:   layout_cave_pods
Lair:6:   gammafunk_lair_ancient_temple, layout_concentric_octagons,
          minmay_slime_entry_pillars
Swamp:1:  layout_basic_swamp, hangedman_swamp_pad,
          nicolae_swamp_feature_on_the_river_bank, uniq_nikola
Swamp:2:  layout_basic_swamp, hangedman_swamp_ruin_wall, swamp_pool3,
          infiniplex_staircase_pool
Orc:1:    layout_caves, serial_shops, nicolae_shop_statue_plus
Orc:2:    grunt_orc_gardens, layout_caves, grunt_orc_garden, grunt_orc_garden,
          grunt_orc_garden, grunt_orc_garden, david_defended_altar_orc

Skill      XL: |  1  2  3  4  5  6  7  8  9 10 11 12 13 14 15 16 |
---------------+-------------------------------------------------+-----
Short Blades   | 1 2 4 5 6 7 8 9 10 | 10.9
Long Blades    | 1 2 4 5 6 7 8 9 10 | 10.9
Maces & Flails | 1 2 4 5 6 7 8 9 10 | 10.9
Polearms       | 1 2 4 5 6 7 8 9 10 | 10.9
Staves         | 1 2 4 5 6 7 8 9 10 | 10.9
Slings         | 1 2 4 5 6 7 8 9 10 | 10.9
Bows           | 1 2 4 5 6 7 8 9 10 | 10.9
Crossbows      | 1 2 4 5 6 7 8 9 10 | 10.9
Throwing       | 1 2 4 5 6 7 8 9 10 | 10.9
Stealth        | 1 2 4 5 6 7 8 9 10 | 10.9
Shields        | 1 2 4 5 6 7 8 9 10 | 10.9
Unarmed Combat | 1 2 4 5 6 7 8 9 10 | 10.9
Spellcasting   | 1 2 4 5 6 7 8 9 10 | 10.9
Evocations     | 1 2 4 5 6 7 8 9 10 | 10.9
Conjurations   | 1 2 3 4 5 6 7 8 9 |  9.3
Hexes          | 1 2 3 4 5 6 7 8 9 |  9.3
Summonings     | 1 2 3 4 5 6 7 8 9 |  9.3
Necromancy     | 1 2 3 4 5 6 7 8 9 |  9.3
Translocations | 1 2 3 4 5 6 7 8 9 |  9.3
Transmutations | 1 2 3 4 5 6 7 8 9 |  9.3
Fire Magic     | 1 2 3 4 5 6 7 8 9 |  9.3
Ice Magic      | 1 2 3 4 5 6 7 8 9 |  9.3
Air Magic      | 1 2 3 4 5 6 7 8 9 |  9.3
Earth Magic    | 1 2 3 4 5 6 7 8 9 |  9.3
Poison Magic   | 1 2 3 4 5 6 7 8 9 |  9.3
Dodging        | 3 4 5 6 7 8 9 10 11 | 11.2
Invocations    | 5 6 7 8 9 10 11 12 | 12.5
Axes           | 5 6 7 8 9 10 11 | 11.7
Armour         | 5 6 7 8 9 10 11 | 11.7
Fighting       | 7 8 9 10 11 12 | 12.5

Action                   |  1- 3 |  4- 6 |  7- 9 | 10-12 | 13-15 | 16-18 || total
-------------------------+-------+-------+-------+-------+-------+-------++-------
Melee: Dagger            |    81 |   153 |   351 |       |       |       ||   585
       Hand axe          |     3 |       |    18 |       |       |       ||    21
       Bite              |     3 |     8 |    62 |   106 |   261 |    86 ||   526
       Punch             |       |       |    11 |       |       |       ||    11
       Whip              |       |       |    36 |       |       |       ||    36
       Lance             |       |       |     6 |   912 |  1911 |   498 ||  3327
Throw: Throwing net      |       |       |     5 |     5 |       |       ||    10
       Dart              |       |       |       |    10 |    48 |     2 ||    60
       Boomerang         |       |       |       |     2 |       |       ||     2
Invok: Depart the Abyss  |     1 |       |       |       |       |     2 ||     3
       Bend Space        |       |       |     1 |       |     5 |       ||     6
       Banish            |       |       |     2 |       |       |     5 ||     7
       Enter the Abyss   |       |       |       |       |       |     2 ||     2
Evoke: Wand              |       |     2 |     3 |       |    12 |    11 ||    28
  Use: Scroll            |     2 |     5 |     8 |     9 |     7 |     2 ||    33
       Potion            |     1 |     2 |     2 |       |     8 |    12 ||    25
 Stab: Sleeping          |     2 |     1 |       |     1 |     7 |       ||    11
       Held in net/web   |       |       |       |     1 |       |       ||     1
       Distracted        |       |       |       |     1 |     2 |       ||     3
Armor: Leather armour    |     3 |       |       |       |       |       ||     3
       Ring mail         |    38 |     4 |       |       |       |       ||    42
       Skin              |       |     4 |       |       |       |       ||     4
       Chain mail        |       |    83 |   189 |   402 |   698 |   117 ||  1489
Dodge: Dodged            |    39 |    52 |   279 |   654 |  1241 |   214 ||  2479
Block: Buckler           |       |       |       |   206 |   339 |       ||   545
       Kite shield       |       |       |       |       |   256 |   217 ||   473

Table legend: (Time is in decaauts)
 A = Elapsed time spent in this place.
 B = Non-inter-level travel time spent in this place.
 C = Inter-level travel time spent in this place.
 D = Time resting spent in this place.
 E = Time spent auto-exploring this place.
 F = Levels seen in this place.
 G = Mean time per level.
                   A        B        C        D        E       F      G
               +--------+--------+--------+--------+--------+-----+--------+
         Total |  39799 |  38771 |   1028 |   8501 |  22875 |  29 | 1372.4 |
       Dungeon |  21460 |  20820 |    640 |   3130 |  13782 |  15 | 1430.7 |
          Lair |  11472 |  11167 |    305 |   2944 |   5935 |   6 | 1912.0 |
         Swamp |   2262 |   2252 |     10 |    395 |   1586 |   2 | 1131.0 |
  Orcish Mines |   4194 |   4122 |     72 |   1872 |   1503 |   2 | 2097.0 |
         Abyss |    408 |    408 |      0 |    159 |     69 |   4 |  102.0 |
               +--------+--------+--------+--------+--------+-----+--------+

Top non-repeatable levels by time:
  Lair:5: 3542 daAuts
   Orc:2: 2586 daAuts
    D:10: 2326 daAuts
    D:11: 2301 daAuts
 Swamp:1: 2233 daAuts
  Lair:4: 2018 daAuts
    D:14: 1908 daAuts
  Lair:6: 1878 daAuts
  Lair:3: 1844 daAuts
     D:5: 1734 daAuts
    D:15: 1730 daAuts
     D:6: 1696 daAuts
   Orc:1: 1608 daAuts
    D:13: 1437 daAuts
  Lair:1: 1404 daAuts
